 Dungeon Crawl Stone Soup version 0.29.1-15-g9cfb28693d (webtiles) character file.

Game seed: 3776566893697804715

38801 Peloso the Fencer (level 13, -2/124 HPs)
             Began as a Minotaur Fighter on Apr 1, 2023.
             Was a High Priest of Okawaru.
             Slain by an orc warlord
             ... wielding a +2 glaive
              (7 damage)
             ... on level 10 of the Dungeon.
             The game lasted 00:31:31 (15380 turns).

Peloso the Fencer (Minotaur Fighter)               Turns: 15380, Time: 00:31:32

Health: -2/124     AC: 25    Str: 23    XL:     13   Next: 65%
Magic:  13/14      EV: 14    Int:  5    God:    Okawaru [*****.]
Gold:   725        SH:  0    Dex: 19    Spells: 12/12 levels left

rFire   + . .      SeeInvis +   a - +3 great sword "Orb Guardian's Regret" {vorpal, rC+ SInv}
rCold   + + +      Faith    .   (shield currently unavailable)
rNeg    . . .      Spirit   .   U - +5 chain mail "Zighum" {rElec rC++}
rPois   .          Reflect  .   (helmet restricted)
rElec   +          Harm     .   W - +2 cloak {rC+}
rCorr   .          Rampage  .   t - +0 pair of gloves
Will    .....                   (no boots)
Stlth   +.........              p - amulet of regeneration
HPRegen 1.10/turn               x - +6 ring of dexterity
MPRegen 0.14/turn               X - ring of protection from fire

@: heroic
A: horns 2, retaliatory headbutt
a: Renounce Religion, Heroism, Finesse, Duel


You were on level 10 of the Dungeon.
You worshipped Okawaru.
Okawaru was extremely pleased with you.
You visited 4 branches of the dungeon, and saw 17 of its levels.
You also visited: Sewer and Ice Cave.

You collected 966 gold pieces.
You spent 241 gold pieces at shops.

Inventory:

Hand Weapons
 a - the +3 great sword "Orb Guardian's Regret" (weapon) {vorpal, rC+ SInv}
   (You bought it in a shop on level 2 of the Dungeon)

   It inflicts extra damage upon your enemies.
   rC:        It protects you from cold.
   SInv:      It lets you see invisible.
 b - a +4 scimitar of flaming
 c - a +0 demon blade of flaming
Armour
 d - a +0 buckler
 h - +0 ice dragon scales
 t - a +0 pair of gloves (worn)
 v - the +1 scale mail of Calculation {rCorr}
   (You found it on level 3 of the Dungeon)

   rCorr:     It protects you from acid and corrosion.
 K - +2 acid dragon scales
 M - a +1 cloak of willpower
 U - the +5 chain mail "Zighum" (worn) {rElec rC++}
   (You found it on level 2 of the Lair of Beasts)

   rC:        It greatly protects you from cold.
   rElec:     It insulates you from electricity.
 W - a +2 cloak of cold resistance (worn)
Jewellery
 p - an amulet of regeneration (around neck)
 x - a +6 ring of dexterity (left hand)
 D - an amulet of reflection
 N - a ring of wizardry
 T - an amulet of magic regeneration
 X - a ring of protection from fire (right hand)
Wands
 F - a wand of polymorph (6)
 H - a wand of roots (26)
 L - a wand of paralysis (7)
 P - a wand of quicksilver (12)
 S - a wand of flame (14)
 Z - a wand of mindburst (8)
Scrolls
 k - 3 scrolls of amnesia
 m - 3 scrolls of immolation
 n - 3 scrolls of fear
 q - 3 scrolls of magic mapping
 r - a scroll of brand weapon
 s - a scroll of summoning
 y - 3 scrolls of teleportation
 z - 5 scrolls of enchant weapon
 E - 3 scrolls of poison
 O - a scroll of enchant armour {unknown}
 Q - 2 scrolls of blinking {unknown}
Potions
 e - 5 potions of brilliance
 f - 8 potions of curing
 g - 4 potions of might
 i - 5 potions of flight
 j - 2 potions of mutation
 l - 2 potions of magic
 u - a potion of heal wounds
 C - 2 potions of ambrosia {unknown}
 I - 2 potions of cancellation
 J - a potion of resistance {unknown}
 V - a potion of invisibility {unknown}
 Y - a potion of haste


   Skills:
 + Level 14.2(19.2) Fighting
 + Level 18.9(23.9) Long Blades
 + Level 13.7(18.7) Armour
 + Level 4.8(9.8) Dodging
 + Level 2.4(7.4) Stealth
 + Level 5.9(10.9) Shields
 + Level 3.0 Invocations


You had 12 spell levels left.
You didn't know any spells.
Your spell library contained the following spells:

 Spells                   Type           Power      Damage    Failure   Level
 Beastly Appendage        Tmut           0%         N/A       89%         1
 Blink                    Tloc           0%         N/A       96%         2
 Wereblood                Tmut           0%         N/A       96%         2
 Frozen Ramparts          Ice            0%         1d1       99%         3
 Lesser Beckoning         Tloc           0%         N/A       99%         3
 Ozocubu's Armour         Ice            0%         N/A       99%         3
 Portal Projectile        Hex/Tloc       0%         N/A       99%         3
 Spider Form              Tmut/Pois      0%         N/A       99%         3
 Stone Arrow              Conj/Erth      0%         3d7       99%         3
 Anguish                  Hex/Necr       0%         N/A       100%        4
 Ice Form                 Ice/Tmut       0%         N/A       100%        4
 Blade Hands              Tmut           0%         N/A       100%        5
 Freezing Cloud           Conj/Ice/Air   0%         6-21      100%        5
 Manifold Assault         Tloc           0%         N/A       100%        5
 Enfeeble                 Hex            0%         N/A       100%        7
 Ozocubu's Refrigeration  Ice            0%         4d7       100%        7
 Storm Form               Tmut/Air       0%         N/A       100%        7
 Lehudib's Crystal Spear  Conj/Erth      0%         10d2      100%        8
 Maxwell's Capacitive Co  Air            0%         ∞         100%        8
 Chain Lightning          Conj/Air       0%         N/A       100%        9
 Fire Storm               Conj/Fire      0%         5d1       100%        9
 Polar Vortex             Ice            0%         N/A       100%        9
 Shatter                  Erth           0%         3d5*      100%        9
 Tukima's Dance           Hex            Unusable   N/A       N/A         3
 Animate Armour           Summ/Erth      Unusable   N/A       N/A         4
 Summon Ice Beast         Ice/Summ       Unusable   N/A       N/A         4
 Summon Lightning Spire   Summ/Air       Unusable   N/A       N/A         4
 Simulacrum               Ice/Necr       Unusable   N/A       N/A         6

Dungeon Overview and Level Annotations

Branches:
Dungeon (12/15)            Temple (1/1) D:4            Lair (3/5) D:9
 Shoals (0/4) Lair:2        Snake (0/4) Lair:3          Orc (1/2) D:10
  Sewer (visited)           IceCv (visited)

Altars:
Ashenzari
Cheibriados
Dithmenos
Elyvilon
Fedhas
Hepliaklqana
Kikubaaqudgha
Makhleb
Nemelex Xobeh
Okawaru
Qazlal
Ru
Sif Muna
Trog
Uskayaw
Vehumet
Wu Jian
Yredelemnul
Zin
The Shining One

Shops:
D:2 (


Innate Abilities, Weirdness & Mutations

You have a pair of horns on your head.
You reflexively headbutt those who attack you in melee.


Message History

Things that are here:
a +0 chain mail; a +0 long sword; an orc skeleton You gain the combat prowess of a mighty hero.
The orc warlord hits you but does no damage.
You hit the orc warlord but do no damage.
You headbutt the orc warlord, but do no damage.
The orc warlord hits you with a +2 glaive!!
You barely miss the orc warlord. Your headbutt misses the orc warlord.
You slice the orc warlord!!
You headbutt the orc warlord, but do no damage.
The orc warlord is moderately wounded.
The orc warlord hits you with a +2 glaive!!
You barely miss the orc warlord.
You headbutt the orc warlord, but do no damage.
The orc warlord is moderately wounded.
The orc warlord hits you with a +2 glaive!
You slice the orc warlord!! You headbutt the orc warlord.
The orc warlord is severely wounded.
You closely miss the orc warlord.
The orc warlord is severely wounded.
The orc warlord hits you with a +2 glaive!!
* * * LOW HITPOINT WARNING * * *
You slice the orc warlord!!
The orc warlord is almost dead.
The orc warlord hits you with a +2 glaive!
* * * LOW HITPOINT WARNING * * *
You hit the orc warlord.
The orc warlord is almost dead.
The orc warlord hits you but does no damage.
You barely miss the orc warlord.
The orc warlord is almost dead.
You closely miss the orc warlord.
You headbutt the orc warlord, but do no damage.
The orc warlord is almost dead.
The orc warlord hits you with a +2 glaive!
* * * LOW HITPOINT WARNING * * *
You barely miss the orc warlord. Your headbutt misses the orc warlord.
The orc warlord is almost dead.
The orc warlord hits you with a +2 glaive!
You die...

#........#
#....≈........#####
#........#
#.............#####
#........#
#......>...........
#........#
#..................
#........#
#..................
#........#
#..................
#........#
#..................
#.....)..#
#)[[[..............
#........#
#.@[..........##.##
##########
#.o[.)........##...
#.........>...#####
#..................
#.............##..#
#......<......+....
#.............#####
###############


You could see an orc warlord.

Vanquished Creatures
  A reaper (IceCv)
  A boulder beetle (Lair:3)
  4 hydras
  Erica (D:8)
  A two-headed ogre (D:12)
  4 death yaks (Lair:2)
  An ugly thing (D:11)
  A manticore (D:11)
  3 cyclopes
  Maurice (D:8)
  4 black mambas
  4 cane toads
  Joseph (D:7)
  2 ice statues (IceCv)
  2 komodo dragons (Lair:3)
  Maggie (D:7)
  An unseen horror (D:12)
  6 ice devils (IceCv)
  A freezing wraith (IceCv)
  An anaconda simulacrum (IceCv)
  2 rime drakes (Lair:1)
  5 trolls
  A hornet (D:8)
  3 slime creatures (D:12)
  7 dream sheep (Lair:3)
  9 blink frogs
  8 wyverns
  Eustachio (D:5)
  A wraith (D:9)
  41 yaks
  2 vampire mosquitoes (D:11)
  Edmund (D:5)
  2 nagas (Lair:3)
  2 wargs (D:10)
  2 death yak simulacra (IceCv)
  9 water moccasins
  10 orc warriors
  Duvessa (D:7)
  5 black bears
  A sky beast (D:7)
  2 ice beasts
  2 ogres
  3 centaurs
  6 wolves
  2 phantoms
  16 bullfrogs
  8 kobold brigands
  2 necrophages
  A gnoll sergeant (D:11)
  2 wyvern zombies (D:7)
  2 cane toad simulacra (IceCv)
  6 scorpions
  13 wights
  4 two-headed ogre simulacra (IceCv)
  Dowan (D:7)
  2 elephant simulacra (IceCv)
  10 killer bees
  6 howler monkeys
  A bullfrog zombie (D:7)
  A human zombie (D:7)
  A gnoll bouda (D:7)
  2 hounds
  A centaur zombie (D:7)
  3 jellies
  6 orc priests
  7 iguanas
  10 orc wizards
  2 spriggan simulacra (IceCv)
  2 troll simulacra (IceCv)
  A polar bear simulacrum (IceCv)
  2 howler monkey zombies (D:7)
  2 mummies (D:7)
  11 gnolls
  8 adders
  A naga simulacrum (IceCv)
  2 shadow imps
  4 white imps
  6 ufetubi
  2 worms (D:2)
  2 dart slugs
  30 orcs
  13 ball pythons
  6 bats
  9 endoplasms
  3 goblins
  4 hobgoblins
  3 jackals (Sewer)
  38 kobolds
  4 quokkas
  7 frilled lizards
  8 rats
444 creatures vanquished.

Vanquished Creatures (others)
  An orc wizard (Orc:1)
  2 fungi (Lair:3)
  14 plants
17 creatures vanquished.

Grand Total: 461 creatures vanquished

Notes
Turn   | Place    | Note
-------+----------+-------------------------------------------
     0 | D:1      | Peloso the Minotaur Fighter began the quest for the Orb.
     0 | D:1      | Reached XP level 1. HP: 19/19 MP: 0/0
   391 | D:1      | Reached XP level 2. HP: 26/27 MP: 1/1
   826 | D:1      | Found a faded altar of an unknown god.
  1388 | D:2      | Reached XP level 3. HP: 33/33 MP: 2/2
  1602 | D:2      | Reached skill level 3 in Long Blades
  1699 | D:2      | Reached XP level 4. HP: 40/40 MP: 3/3
  1825 | D:2      | Found Nissurgh's Antique Weapon Boutique.
  2633 | D:3      | Reached skill level 4 in Long Blades
  2633 | D:3      | Reached skill level 1 in Dodging
  2656 | D:3      | Identified the +1 scale mail of Calculation {rCorr}
  2705 | D:3      | Reached XP level 5. HP: 46/46 MP: 4/4
  2705 | D:3      | Found a glowing drain.
  2714 | Sewer    | Entered a sewer
  2794 | Sewer    | Reached skill level 5 in Armour
  2987 | Sewer    | Found a white marble altar of Elyvilon.
  3498 | D:4      | Found a staircase to the Ecumenical Temple.
  3531 | Temple   | Entered the Ecumenical Temple
  3592 | Temple   | Became a worshipper of Warmaster Okawaru
  3638 | D:4      | Reached skill level 5 in Long Blades
  3638 | D:4      | Reached XP level 6. HP: 53/53 MP: 5/5
  3639 | D:4      | Noticed a wyvern
  3649 | D:4      | Killed a wyvern
  3688 | D:4      | Reached * piety under Okawaru
  3695 | D:4      | Found a glowing silver altar of Zin.
  3744 | D:4      | Reached skill level 5 in Fighting
  3744 | D:4      | Reached XP level 7. HP: 49/61 MP: 6/6
  3871 | D:4      | Reached skill level 5 in Shields
  4011 | D:5      | Entered Level 5 of the Dungeon
  4180 | D:5      | Noticed Eustachio
  4200 | D:6      | Found a snail-covered altar of Cheibriados.
  4207 | D:6      | Reached skill level 6 in Long Blades
  4281 | D:5      | Killed Eustachio
  4357 | D:5      | Reached skill level 7 in Long Blades
  4357 | D:5      | Reached XP level 8. HP: 68/70 MP: 7/7
  4528 | D:5      | Found a sparkling altar of Nemelex Xobeh.
  4588 | D:5      | Found a broken altar of Ashenzari.
  4706 | D:5      | Noticed Edmund
  4801 | D:2      | Bought a jewelled great sword for 241 gold pieces
  4801 | D:2      | Identified the +3 great sword "Orb Guardian's Regret"
                  | {vorpal, rC+ SInv} (You bought it in a shop on level 2 of
                  | the Dungeon)
  4897 | D:5      | Killed Edmund
  4897 | D:5      | Reached ** piety under Okawaru
  5100 | D:5      | Found a bloodstained altar of Trog.
  5167 | D:6      | Reached skill level 8 in Long Blades
  5187 | D:6      | Found an ornate altar of the Wu Jian Council.
  5242 | D:6      | Reached skill level 1 in Stealth
  5374 | D:6      | Reached skill level 9 in Long Blades
  5480 | D:6      | Reached XP level 9. HP: 79/79 MP: 8/8
  5597 | D:6      | Found a hazy altar of Hepliaklqana.
  5871 | D:7      | Reached *** piety under Okawaru
  6014 | D:7      | Noticed Joseph
  6023 | D:7      | HP: 2/79 [Joseph/+0 quarterstaff (9)]
  6029 | D:7      | Killed Joseph
  6030 | D:7      | Reached skill level 10 in Long Blades
  6122 | D:7      | Noticed Duvessa
  6122 | D:7      | Noticed Dowan
  6127 | D:7      | Killed Dowan
  6129 | D:7      | Killed Duvessa
  6338 | D:7      | Noticed Maggie
  6343 | D:7      | Killed Maggie
  6344 | D:7      | Reached skill level 1 in Invocations
  6546 | D:7      | Reached skill level 11 in Long Blades
  6604 | D:7      | Found an ancient bone altar of Kikubaaqudgha.
  6850 | D:7      | Found a radiant altar of Vehumet.
  6851 | D:7      | Found a hide-covered altar of Uskayaw.
  6902 | D:7      | Reached XP level 10. HP: 78/90 MP: 9/9
  6906 | D:7      | Reached **** piety under Okawaru
  7054 | D:7      | HP: 3/90 [yak (7)]
  7185 | D:8      | Reached skill level 12 in Long Blades
  7187 | D:8      | Noticed Maurice
  7189 | D:8      | Paralysed by Maurice for 3 turns
  7409 | D:8      | Killed Maurice
  7445 | D:8      | Noticed Erica
  7453 | D:8      | Killed Erica
  7454 | D:8      | Reached skill level 10 in Armour
  7893 | D:8      | Found a burning altar of Makhleb.
  7909 | D:9      | Reached skill level 13 in Long Blades
  7915 | D:9      | Reached ***** piety under Okawaru
  8243 | D:9      | Reached XP level 11. HP: 94/99 MP: 8/11
  8255 | D:9      | Reached skill level 10 in Fighting
  8320 | D:9      | Found a glowing golden altar of the Shining One.
  8378 | D:9      | Found a staircase to the Lair.
  8805 | D:10     | Entered Level 10 of the Dungeon
  8805 | D:10     | Found a staircase to the Orcish Mines.
  8817 | D:10     | Received a gift from Okawaru
  8821 | D:10     | Reached skill level 14 in Long Blades
  8854 | D:10     | Found a sacrificial altar of Ru.
  8972 | D:10     | Found a stormy altar of Qazlal.
  9930 | D:11     | Noticed a green ugly thing
  9942 | D:11     | Killed a green ugly thing
  9943 | D:11     | Reached skill level 15 in Long Blades
 10055 | D:11     | Noticed a four-headed hydra
 10064 | D:11     | Killed a one-headed hydra
 10386 | Lair:1   | Entered Level 1 of the Lair of Beasts
 10432 | Lair:1   | Found a frozen archway.
 10434 | Lair:1   | Reached ****** piety under Okawaru
 10434 | Lair:1   | Received a gift from Okawaru
 10436 | Lair:1   | Reached XP level 12. HP: 96/110 MP: 12/12
 10443 | IceCv    | Entered an ice cave
 10944 | IceCv    | Noticed a reaper
 10963 | IceCv    | Killed a reaper
 10964 | IceCv    | Reached skill level 16 in Long Blades
 11573 | Lair:1   | Received a gift from Okawaru
 11857 | Lair:2   | Found a staircase to the Shoals.
 12064 | Lair:2   | Noticed a four-headed hydra
 12065 | Lair:2   | Noticed a death yak
 12065 | Lair:2   | Noticed a death yak
 12066 | Lair:2   | Noticed a death yak
 12067 | Lair:2   | Noticed a death yak
 12079 | Lair:2   | Killed a one-headed hydra
 12080 | Lair:2   | Reached skill level 17 in Long Blades
 12086 | Lair:2   | Killed a death yak
 12092 | Lair:2   | Killed a death yak
 12096 | Lair:2   | Killed a death yak
 12102 | Lair:2   | Killed a death yak
 12623 | Lair:2   | Identified the +5 chain mail "Zighum" {rElec rC++}
 12851 | Lair:3   | Received a gift from Okawaru
 12920 | Lair:3   | Reached XP level 13. HP: 106/122 MP: 14/14
 13042 | Lair:3   | Found a staircase to the Snake Pit.
 13233 | Lair:3   | Reached skill level 18 in Long Blades
 13681 | Lair:3   | Identified the +1 chain mail "Xaskak" {Rampage Dex-2 SInv}
                  | (Okawaru gifted it to you on level 3 of the Lair of Beasts)
 13681 | Lair:3   | Received a gift from Okawaru
 14027 | D:12     | Found a hide-covered altar of Uskayaw.
 14387 | D:12     | Identified the +2 robe of the Eleven Knives {Dex+7}
 14695 | Orc:1    | Entered Level 1 of the Orcish Mines
 14731 | Orc:1    | Noticed an orc warlord
 15379 | D:10     | HP: 4/124 [orc warlord/+2 glaive (7)]
 15380 | D:10     | Slain by an orc warlord

Illustrated notes

Levels and vault maps discovered:
D:1:      shiori_arrival_elements, layout_basic,
          hellmonk_ecumenical_altar_blasted
D:2:      minmay_chambers_of_twos, layout_loops_corners, serial_shops, shop,
          minmay_misc_feat_room
D:3:      layout_basic, portal_sewer_entry_d, serial_corexii_hall,
          chequers_hall_statues_wall_a, corexii_hall_statues_i, nrook_campfire
D:4:      layout_cave_pools, lemuel_crystal_altar,
          minmay_temple_entry_steel_oval
D:5:      layout_cave_pods, mainiacjoe_overflow_swirl,
          mainiacjoe_overflow_concentric_impassable, uniq_eustachio, uniq_edmund
D:6:      layout_rooms, mainiacjoe_overflow_catwalk_spiral,
          nzn_wu_jian_council_hall, kennysheep_decorative_pillar
D:7:      layout_loops_corners, gammafunk_temple_overflow_pools,
          lemuel_mausoleum_altar_kikubaaqudgha, minmay_misc_feat_encased,
          uniq_maggie, uniq_joseph, uniq_duvessa
D:8:      layout_cave_pools, lightli_temple_of_fire, uniq_erica, uniq_maurice
D:9:      layout_basic, nicolae_tso_carved_into_rock, minmay_lair_entry_grove
D:10:     layout_basic, old_standard_altar, mainiacjoe_overflow_boulevard,
          orc_0_dummy
D:11:     layout_roguey
D:12:     layout_roguey, nicolae_uskayaw_suspiria
Temple:   hellmonk_temple_forest_ring
Lair:1:   layout_roguey, portal_ice_cave_rime
Lair:2:   layout_cave_pods, elwin_shoals_entry_rocks
Lair:3:   layout_cave_pods, guppyfry_snake_entry_garden, beast_lair_carwin_5,
          grunt_megastairs_3, lemuel_fruit_fields, serial_bayou_shore_b
Orc:1:    layout_caves

Skill      XL: |  1  2  3  4  5  6  7  8  9 10 11 12 13 |
---------------+----------------------------------------+-----
Shields        | 4 5 |  5.9
Armour         | 4 5 6 7 9 10 12 13 | 13.7
Fighting       | 4 5 6 7 8 9 11 13 14 | 14.2
Long Blades    | 3 4 5 7 9 11 13 15 17 18 | 18.9
Dodging        | 1 2 3 4 |  4.8
Stealth        | 1 2 |  2.4
Invocations    | 1 2 3 |  3.0

Action                   |  1- 3 |  4- 6 |  7- 9 | 10-12 | 13-15 || total
-------------------------+-------+-------+-------+-------+-------++-------
Melee: Long sword        |    83 |   117 |   102 |       |       ||   302
       Headbutt          |     8 |    24 |    47 |   114 |    50 ||   243
       Great sword       |       |       |   157 |   478 |   191 ||   826
       Scimitar          |       |       |       |     7 |       ||     7
       Demon blade       |       |       |       |     4 |    19 ||    23
Invok: Heroism           |       |       |     6 |    18 |     2 ||    26
       Finesse           |       |       |       |     1 |       ||     1
  Use: Potion            |     2 |       |     3 |     3 |     2 ||    10
       Scroll            |     1 |     5 |       |     5 |     7 ||    18
Armor: Chain mail        |    62 |    63 |   157 |   350 |   151 ||   783
       Scale mail        |     6 |       |       |       |       ||     6
       Ice dragon scales |       |       |       |    27 |       ||    27
Dodge: Dodged            |    41 |    44 |   138 |   359 |   161 ||   743
Block: Buckler           |    14 |    29 |    38 |       |       ||    81
